 Dungeon Crawl Stone Soup version 0.29-a0-789-g7a8fcbc185 (webtiles) character file.

Game seed: 14630591740299473760

243626 gruber the Crack Shot (level 19, -7/158 HPs)
             Began as a Minotaur Hunter on July 3, 2022.
             Was the Champion of Okawaru.
             Killed from afar by a tengu reaver (25 damage)
             ... with a bolt of fire
             ... on level 2 of the Vaults on July 8, 2022.
             The game lasted 01:24:02 (39558 turns).

gruber the Crack Shot (Minotaur Hunter)            Turns: 39558, Time: 01:24:04

Health: -7/158     AC: 18    Str: 28    XL:     19   Next: 12%
Magic:  0/36       EV: 24    Int:  8    God:    Okawaru [******]
Gold:   1484       SH:  0    Dex: 22    Spells: 16/24 levels left

rFire   . . .      SeeInvis +   T - +8 quarterstaff of the Slimy God {speed, rC+ rN+ MP+9}
rCold   + . .      Faith    .   (shield currently unavailable)
rNeg    + + .      Spirit   +   X - +4 moon troll leather armour {Spirit, Regen++ MP+5}
rPois   +          Reflect  .   L - +0 hat of Tender Moments {Drain rPois Str+5}
rElec   .          Harm     .   u - +1 cloak {rCorr}
rCorr   +          Rampage  .   M - +1 pair of gloves {infuse}
Will    ++...                   N - +1 pair of boots {Stlth+}
Stlth   ++++......              C - amulet of Winueta {Acrobat Fly rN+ Regen+}
HPRegen 2.76/turn               U - ring of Yraaxtim {rC+ Dex+4}
MPRegen 0.25/turn               H - ring "Gapatin" {rC- Will+ rCorr Str+5 SInv}

@: flying, studying Long Blades
A: horns 2, retaliatory headbutt, deterioration 1, wild magic 1
}: 1/15 runes: serpentine
a: Renounce Religion, Heroism, Finesse, Duel


You were on level 2 of the Vaults.
You worshipped Okawaru.
Okawaru was exalted by your worship.
You visited 7 branches of the dungeon, and saw 30 of its levels.
You visited the Abyss 1 time.
You also visited: Ossuary, Bailey and Ice Cave.

You collected 3407 gold pieces.
You spent 1923 gold pieces at shops.

Inventory:

Hand Weapons
 a - the +7 shortbow of Upheaval {flame, rPois rN+}
   (You bought it in a shop on level 12 of the Dungeon)

   Any ammunition fired from it burns those it strikes, dealing additional fire
   damage.
   rPois:     It protects you from poison.
   rN:        It protects you from negative energy.
 D - the +8 lajatang of Shrieking Terror {spect, rF+++ rCorr Str+2 Int-4}
   (Okawaru gifted it to you on level 6 of the Lair of Beasts)

   When its wielder attacks, the weapon's spirit leaps out and strikes again.
   The spirit shares a part of any damage it takes with its wielder.
   Str:       It affects your strength (+2).
   Int:       It affects your intelligence (-4).
   rF:        It renders you almost immune to fire.
   rCorr:     It protects you from acid and corrosion.
 P - the +9 shortbow of Watchfulness {vorpal, rF+ Int+4 Dex+2}
   (You bought it in a shop on level 12 of the Dungeon)

   Any ammunition fired from it inflicts extra damage upon your enemies.
   Int:       It affects your intelligence (+4).
   Dex:       It affects your dexterity (+2).
   rF:        It protects you from fire.
 S - the +8 arbalest of Income {elec, Fly Will+}
   (Okawaru gifted it to you on level 3 of the Snake Pit)

   Any ammunition fired from it occasionally discharges a powerful burst of
   electricity upon striking a foe.
   Fly:       It grants you flight.
   Will:      It increases your willpower.
 T - the +8 quarterstaff of the Slimy God (weapon) {speed, rC+ rN+ MP+9}
   (Okawaru gifted it to you on level 1 of the Lair of Beasts)

   Attacks with this weapon are significantly faster.
   rC:        It protects you from cold.
   rN:        It protects you from negative energy.
   MP:        It affects your magic capacity (+9).
Missiles
 r - 3 throwing nets
 A - 2 curare-tipped darts
 G - 18 poisoned darts
 I - 7 silver javelins
Armour
 u - a +1 cloak of preservation (worn)
 L - the +0 hat of Tender Moments (worn) {Drain rPois Str+5}
   (Okawaru gifted it to you in a bailey)

   Str:       It affects your strength (+5).
   rPois:     It protects you from poison.
   Drain:     It drains your maximum health when unequipped.
 M - a +1 pair of gloves of infusion (worn)
 N - a +1 pair of boots of stealth (worn)
 X - the +4 moon troll leather armour (worn) {Spirit, Regen++ MP+5}
   (You found it on level 4 of the Lair of Beasts)

   MP:        It affects your magic capacity (+5).
   Regen:     It increases your rate of health regeneration.
Jewellery
 h - a ring of protection from fire
 C - the amulet of Winueta (around neck) {Acrobat Fly rN+ Regen+}
   (You took it off an orc on level 5 of the Dungeon)

   [amulet of the acrobat]

   It increases your evasion while moving and waiting.
   rN:        It protects you from negative energy.
   Fly:       It grants you flight.
   Regen:     It increases your rate of health regeneration.
 H - the ring "Gapatin" (right hand) {rC- Will+ rCorr Str+5 SInv}
   (You bought it in a shop on level 14 of the Dungeon)

   [ring of resist corrosion]

   Str:       It affects your strength (+5).
   rC:        It makes you vulnerable to cold.
   SInv:      It lets you see invisible.
   rCorr:     It protects you from acid and corrosion.
   Will:      It increases your willpower.
 U - the ring of Yraaxtim (left hand) {rC+ Dex+4}
   (You bought it in a shop on level 14 of the Dungeon)

   [ring of protection from cold]

   Dex:       It affects your dexterity (+4).
   rC:        It protects you from cold.
Wands
 e - a wand of paralysis (39)
 z - a wand of flame (57)
 B - a wand of acid (7)
 F - a wand of mindburst (6)
 J - a wand of digging (5)
 O - a wand of polymorph (3)
Scrolls
 b - a scroll of summoning {unknown}
 c - 8 scrolls of noise {unknown}
 d - 4 scrolls of enchant weapon {unknown}
 i - 2 scrolls of silence {unknown}
 j - 17 scrolls of teleportation
 k - 7 scrolls of amnesia {unknown}
 o - 11 scrolls of enchant armour {unknown}
 t - a scroll of fog {unknown}
 x - 6 scrolls of fear {unknown}
 y - a scroll of torment {unknown}
 Q - 8 scrolls of blinking {unknown}
 R - 2 scrolls of vulnerability
 Y - 3 scrolls of poison
Potions
 f - 7 potions of brilliance
 g - 6 potions of curing
 l - 2 potions of might
 m - 4 potions of haste
 n - 6 potions of mutation
 p - 7 potions of lignification
 q - 8 potions of heal wounds
 s - a potion of invisibility
 v - 4 potions of attraction
 w - 4 potions of berserk rage
 E - 2 potions of resistance
 W - 2 potions of cancellation
 Z - a potion of ambrosia
Miscellaneous
 K - a condenser vane (inert)
 V - a condenser vane (inert)


   Skills:
 - Level 11.5 Fighting
 * Level 20.0 Staves
 - Level 23.0 Ranged Weapons
 - Level 15.0 Armour
 - Level 15.0 Dodging
 - Level 5.3 Stealth
 - Level 3.1 Spellcasting
 - Level 4.3 Necromancy
 - Level 4.0 Earth Magic
 - Level 2.5 Evocations


You had 16 spell levels left.
You knew the following spells:

 Your Spells              Type           Power      Damage    Failure   Level
a - Borgnjor's Vile Clut  Necr/Erth      5%         N/A       90%         5
b - Portal Projectile     Hex/Tloc       2%         N/A       78%         3

Your spell library contained the following spells:

 Spells                   Type           Power      Damage    Failure   Level
 Sandblast                Erth           20%        2d7       10%         1
 Passwall                 Tmut/Erth      4%         N/A       30%         2
 Stone Arrow              Conj/Erth      10%        3d7       50%         3
 Ensorcelled Hibernation  Hex/Ice        2%         N/A       54%         2
 Poisonous Vapours        Pois/Air       2%         N/A       54%         2
 Conjure Flame            Conj/Fire      1%         6-21      78%         3
 Gell's Gravitas          Tloc           1%         N/A       78%         3
 Lesser Beckoning         Tloc           1%         N/A       78%         3
 Ozocubu's Armour         Ice            1%         N/A       78%         3
 Spider Form              Tmut/Pois      1%         N/A       78%         3
 Swiftness                Air            1%         N/A       78%         3
 Teleport Other           Tloc           1%         N/A       78%         3
 Anguish                  Hex/Necr       3%         N/A       86%         4
 Corpse Rot               Necr/Pois/Air  4%         N/A       92%         4
 Passage of Golubria      Tloc           1%         N/A       99%         4
 Alistair's Intoxication  Tmut/Pois      0%         N/A       100%        5
 Blade Hands              Tmut           0%         N/A       100%        5
 Iskenderun's Battlesphe  Conj           1%         2d6       100%        5
 Metabolic Englaciation   Hex/Ice        0%         N/A       100%        5
 Yara's Violent Unravell  Hex/Tmut       0%         3d3       100%        5
 Dispersal                Tloc           0%         N/A       100%        6
 Eringya's Noxious Bog    Tmut/Pois      0%         N/A       100%        6
 Iron Shot                Conj/Erth      2%         9d2       100%        6
 Enfeeble                 Hex            0%         N/A       100%        7
 Borgnjor's Revivificati  Necr           5%         N/A       100%        8
 Disjunction              Tloc           0%         N/A       100%        8
 Necromutation            Tmut/Necr      3%         N/A       100%        8
 Chain Lightning          Conj/Air       0%         2d1       100%        9
 Death's Door             Necr           5%         N/A       100%        9
 Fire Storm               Conj/Fire      0%         6d1       100%        9
 Shatter                  Erth           5%         3d8*      100%        9
 Tukima's Dance           Hex            Unusable   N/A       N/A         3
 Simulacrum               Ice/Necr       Unusable   N/A       N/A         6
 Spellforged Servitor     Conj/Summ      Unusable   N/A       N/A         7

Dungeon Overview and Level Annotations

Branches:
Dungeon (14/15)            Temple (1/1) D:5            Lair (6/6) D:11
 Shoals (0/4) Lair:3        Snake (4/4) Lair:4        Slime (0/5) Lair:5
    Orc (2/2) D:11            Elf (1/3) Orc:2        Vaults (2/5) D:14
Ossuary (visited)          Bailey (visited)           IceCv (visited)
  Crypt: Vaults:2-3

Altars:
Ashenzari
Cheibriados
Dithmenos
Elyvilon
Fedhas
Gozag
Hepliaklqana
Kikubaaqudgha
Makhleb
Nemelex Xobeh
Okawaru
Qazlal
Ru
Sif Muna
Trog
Uskayaw
Vehumet
Wu Jian
Xom
Yredelemnul
Zin
The Shining One
Jiyva

Shops:
D:5 *   D:10 *   D:11 =!*   D:12 *([?   D:14 =   Orc:1 !   Orc:2 !*!*:
Snake:1 =:=   Snake:4 :

Annotations:
D:7 2 runed translucent doors
Lair:5 1 runed translucent door, Kaive's ghost, journeyman MiFi


Innate Abilities, Weirdness & Mutations

You have a pair of horns on your head.
You reflexively headbutt those who attack you in melee.
Your body sometimes deteriorates upon taking damage.
Your spells are a little harder to cast, but a little more powerful.


Message History

The vault warden is engulfed in noxious fumes.
The vault warden appears confused.
The ironbound convoker is engulfed in noxious fumes.
The ironbound convoker hits something with a +0 flail!!
The yaktaur is engulfed in noxious fumes.
The ironbound preserver hits you with a +0 great mace!!!
* * * LOW HITPOINT WARNING * * *
The tengu reaver is engulfed in noxious fumes.
A lindwurm comes into view.
The lindwurm moves out of view.
Unknown command.
Unknown command.
Your hands tingle!
T - the +8 quarterstaff of the Slimy God (weapon)
{speed, rC+ rN+ MP+9} Unknown command.
The yaktaur captain is engulfed in noxious fumes.
The yaktaur captain appears confused.
You hear a shout!
The yaktaur captain is engulfed in noxious fumes.
The yaktaur captain hits itself!
The ironbound preserver yells, "Get them off me!"
The yaktaur captain is engulfed in noxious fumes.
The yaktaur captain hits the ironbound preserver!!
The ironbound preserver is killed!
Okawaru accepts your kill.
The yaktaur captain hits itself.
The tengu reaver is engulfed in noxious fumes.
The tengu reaver casts a spell at you. The bolt of acid misses you.
You hear a shout!
Your life force feels restored.
Your Staves skill increases to level 20!
Unknown command.
You reach down and open the door.
Okawaru accepts your kill.
You feel a bit more experienced.
The tengu reaver is engulfed in noxious fumes.
The tengu reaver points at you and mumbles some strange words.
The bolt of fire hits you!!
You die...

.###################'#)########
.# #........# .# #........# .#
#........# .# #........#
.######### #........#
.#.......#########........#
.#..#....#.......'........#
.#..#....#.#...#@#........#
.'..####.#)......#........#
.#..#....+.......#........#
.#..#....#....)..##########
.#[.[....#.#...#)#######
.#.<)....#....).cQ.pH..#
.'..)....##########)..##
.#.)).#..#


kc# .#....#..# p.. You could see a tengu reaver and a yaktaur captain
(confused).

Vanquished Creatures
  Bai Suzhen (Snake:4)
  Vashnia (Snake:4)
  Mlioglotl (Snake:2)
  Gastronok (D:12)
  2 tentacled starspawn (Abyss:3)
  Agnes (Snake:2)
  17 nagarajas
  3 vault wardens
  A balrug (Abyss:3)
  A juggernaut skeleton (Abyss:3)
  2 deep elf elementalists (Orc:1)
  9 ironbound preservers
  5 ironbound thunderhulks
  A stone giant (Orc:1)
  5 very ugly things
  Azrael (D:14)
  9 dire elephants
  A deep elf annihilator (Orc:1)
  2 entropy weavers
  Snorg (D:14)
  An eidolon (Abyss:3)
  A fire dragon (D:14)
  2 green deaths
  Josephine (Orc:1)
  3 great orbs of eyes
  4 hydras
  8 yaktaur captains
  A salamander tyrant (Snake:4)
  An ogre mage (Orc:1)
  9 vault guards
  3 boulder beetles
  7 two-headed ogres
  15 centaur warriors
  8 anacondas
  5 ironbound frosthearts
  A dancing weapon (Orc:2)
  A catoblepas (D:13)
  13 naga warriors
  A tengu warrior (D:14)
  6 death yaks (Lair:6)
  Urug (D:11)
  14 naga sharpshooters
  5 shock serpents
  3 skeletal warriors (D:13)
  A salamander mystic (Snake:3)
  A death drake (Abyss:3)
  A sixfirhy (Abyss:3)
  A shadow wraith (Abyss:3)
  24 deep trolls
  A glowing orange brain (Vaults:2)
  2 sea snakes (Snake:3)
  7 ironbound convokers
  A flayed ghost (Abyss:3)
  3 deep elf zephyrmancers (Orc:1)
  5 naga ritualists
  4 wizards
  6 lindwurms
  9 orc knights
  A necromancer (IceCv)
  13 ugly things
  3 large abominations (Abyss:3)
  A deep elf pyromancer (Orc:1)
  4 manticores
  2 moths of wrath (Orc:1)
  A wolf spider (Lair:6)
  11 mana vipers
  2 orc sorcerers
  2 cyclopes
  2 shining eyes (shapeshifter)
  Maurice (D:9)
  8 salamanders
  27 elephants
  7 guardian serpents
  40 black mambas
  2 centaur zombies (D:10)
  13 naga magi
  A torpor snail (shapeshifter) (Abyss:3)
  2 torpor snails
  7 vault sentinels
  2 smoke demons (Abyss:3)
  An apocalypse crab (Abyss:3)
  2 rime drakes
  An ice statue (IceCv)
  13 cane toads
  An anaconda simulacrum (IceCv)
  4 freezing wraiths (IceCv)
  10 komodo dragons
  12 ice devils
  An efreet (D:14)
  3 entropy weaver simulacra (IceCv)
  A tengu conjurer (D:14)
  2 kobold demonologists (Abyss:3)
  12 yaktaurs
  A silent spectre (Orc:1)
  5 trolls
  4 merfolk (Lair:3)
  A hellwing (Abyss:3)
  2 ancient zymes (Abyss:3)
  4 hornets
  3 meliai (D:13)
  6 slime creatures
  12 polar bears
  Grinder (D:3)
  A blink frog (shapeshifter) (D:12)
  16 blink frogs
  4 dream sheep (Lair:4)
  A centaur simulacrum (D:14)
  3 raiju
  Sigmund (D:4)
  An air elemental (Orc:2)
  4 starcursed masses (Abyss:3)
  A shadow (D:11)
  15 wyverns
  A yak (shapeshifter) (D:14)
  26 yaks
  A dire elephant simulacrum (IceCv)
  A vampire (D:13)
  A ynoxinul (Abyss:3)
  5 wraiths
  5 basilisks
  2 fire elementals
  6 steam dragons
  2 vampire mosquitoes (D:11)
  A chaos spawn (Abyss:3)
  A neqoxec (Abyss:3)
  3 golden eyes (Abyss:3)
  4 redbacks
  4 death yak simulacra (IceCv)
  Menkaure (D:5)
  A harpy simulacrum (IceCv)
  24 nagas
  5 wargs
  31 water moccasins
  2 acid dragons
  22 hell hounds
  38 orc warriors
  2 sky beasts (D:7)
  4 ice beasts
  12 black bears
  21 wolves
  4 ogres
  15 centaurs
  6 boggarts (D:14)
  4 phantoms
  4 kobold brigands
  4 small abominations (Abyss:3)
  2 gnoll sergeants
  16 bullfrogs
  A cane toad simulacrum (IceCv)
  3 necrophages
  2 water moccasin zombies (Ossuary)
  4 scorpions
  12 wights
  A two-headed ogre simulacrum (IceCv)
  11 howler monkeys
  4 elephant simulacra (IceCv)
  An electric eel (Snake:3)
  18 orc priests
  2 jellies
  Crazy Yiuf (D:3)
  A hound (D:6)
  2 boudas (D:6)
  2 iron imps (Abyss:3)
  21 orc wizards
  Ijyb (D:4)
  5 iguanas
  8 polar bear simulacra (IceCv)
  A troll simulacrum (IceCv)
  3 wolf simulacra (IceCv)
  2 mummies (Ossuary)
  Robin (D:2)
  19 gnolls
  A naga simulacrum (IceCv)
  9 adders
  A shadow imp (D:5)
  15 white imps
  5 ufetubi
  3 adder zombies (Ossuary)
  4 worms
  4 dart slugs
  102 orcs
  9 ball pythons
  3 endoplasms
  A giant cockroach (D:1)
  25 goblins
  15 hobgoblins
  5 quokkas
  6 bats
  3 frilled lizards
  4 gnoll zombies (Ossuary)
  4 hobgoblin zombies (Ossuary)
  26 kobolds
  3 kobold zombies (Ossuary)
  6 orc zombies (Ossuary)
  10 rats
1217 creatures vanquished.

Vanquished Creatures (others)
  An ironbound preserver (Vaults:2)
  A black mamba (Snake:2)
  A kobold demonologist (Abyss:3)
  21 fungi
  73 plants
  7 starspawn tentacles
104 creatures vanquished.

Grand Total: 1321 creatures vanquished

Notes
Turn   | Place    | Note
-------+----------+-------------------------------------------
     0 | D:1      | gruber the Minotaur Hunter began the quest for the Orb.
     0 | D:1      | Reached XP level 1. HP: 18/18 MP: 0/0
   269 | D:1      | Reached XP level 2. HP: 18/25 MP: 1/1
   275 | D:1      | Reached skill level 5 in Ranged Weapons
   688 | D:1      | Found a faded altar of an unknown god.
  1232 | D:1      | Reached XP level 3. HP: 6/30 MP: 2/2
  1595 | D:2      | Noticed Robin
  1609 | D:2      | Reached skill level 6 in Ranged Weapons
  1617 | D:2      | Killed Robin
  1886 | D:2      | Reached XP level 4. HP: 37/37 MP: 3/3
  2038 | D:2      | Reached skill level 7 in Ranged Weapons
  2038 | D:2      | Reached XP level 5. HP: 42/42 MP: 4/4
  2063 | D:2      | You fall into a shaft and drop 1 floor!
  2132 | D:3      | Found a broken altar of Ashenzari.
  3468 | D:3      | Reached skill level 8 in Ranged Weapons
  3499 | D:3      | Reached XP level 6. HP: 50/50 MP: 5/5
  3500 | D:3      | Found an ancient bone altar of Kikubaaqudgha.
  3620 | D:3      | Noticed Grinder
  3630 | D:3      | Killed Grinder
  3631 | D:3      | Reached skill level 9 in Ranged Weapons
  3873 | D:3      | Found a runed translucent door.
  3874 | D:3      | Noticed Crazy Yiuf
  3980 | D:3      | Killed Crazy Yiuf
  4299 | D:4      | Found an iron altar of Okawaru.
  4311 | D:4      | Found a sand-covered staircase.
  4320 | Ossuary  | Entered an ossuary
  4355 | Ossuary  | Reached XP level 7. HP: 20/56 MP: 6/6
  5009 | D:4      | Noticed Sigmund
  5025 | D:4      | Killed Sigmund
  5026 | D:4      | Reached skill level 5 in Dodging
  5228 | D:4      | Found an opulent altar of Gozag.
  5330 | D:4      | Noticed Ijyb
  5347 | D:4      | Killed Ijyb
  5632 | D:5      | Entered Level 5 of the Dungeon
  5715 | D:5      | Reached XP level 8. HP: 53/62 MP: 7/7
  5806 | D:5      | Found a staircase to the Ecumenical Temple.
  5838 | Temple   | Entered the Ecumenical Temple
  5914 | D:4      | Became a worshipper of Warmaster Okawaru
  5966 | D:5      | Noticed Menkaure
  5972 | D:5      | Killed Menkaure
  6148 | D:5      | Reached skill level 5 in Fighting
  6415 | D:5      | Identified the amulet of Winueta {Acrobat Fly rN+ Regen+}
  6997 | D:5      | Found a shimmering blue altar of Sif Muna.
  7028 | D:5      | Found Tejivieh's General Store.
  7032 | D:5      | Found Wutiesec's Specific Store.
  7037 | D:5      | Bought a scroll of identify for 22 gold pieces
  7048 | D:5      | Bought a +3 spectral quarterstaff for 270 gold pieces
  7704 | D:6      | Reached skill level 1 in Staves
  7740 | D:6      | Reached * piety under Okawaru
  7942 | D:6      | Reached skill level 5 in Staves
  7948 | D:6      | Reached XP level 9. HP: 74/78 MP: 8/8
  8204 | D:6      | Found a sacrificial altar of Ru.
  8453 | D:7      | Found a hide-covered altar of Uskayaw.
  8490 | D:7      | Reached ** piety under Okawaru
  8851 | D:7      | Reached skill level 10 in Staves
  8963 | D:7      | Reached *** piety under Okawaru
  8999 | D:7      | Found a runed translucent door.
  8999 | D:7      | Noticed a red ugly thing
  9004 | D:7      | Found a runed translucent door.
  9004 | D:7      | Noticed a boulder beetle
  9004 | D:7      | Noticed a troll
  9194 | D:8      | Reached XP level 10. HP: 74/90 MP: 9/9
  9206 | D:8      | Reached skill level 1 in Armour
  9353 | D:8      | Found a hazy altar of Hepliaklqana.
  9594 | D:8      | Reached skill level 5 in Armour
  9621 | D:8      | Found an ornate altar of the Wu Jian Council.
  9938 | D:8      | Reached **** piety under Okawaru
 10154 | D:9      | Reached skill level 10 in Ranged Weapons
 10245 | D:9      | Paralysed by a wight for 2 turns
 10288 | D:9      | Noticed a two-headed ogre
 10299 | D:9      | Killed a two-headed ogre
 10300 | D:9      | Reached skill level 11 in Ranged Weapons
 10822 | D:9      | Noticed Maurice
 10828 | D:9      | Killed Maurice
 10829 | D:9      | Reached skill level 12 in Ranged Weapons
 10832 | D:9      | Reached ***** piety under Okawaru
 10860 | D:9      | Found a glowing silver altar of Zin.
 11120 | D:10     | Entered Level 10 of the Dungeon
 11335 | D:10     | Found Xushi's General Store.
 11369 | D:10     | Found a flagged portal.
 11386 | Bailey   | Entered a bailey
 11448 | Bailey   | Noticed an orc knight
 11448 | Bailey   | Noticed an orc knight
 11450 | Bailey   | Noticed an orc knight
 11467 | Bailey   | Killed an orc knight
 11468 | Bailey   | Reached XP level 11. HP: 13/95 MP: 7/10
 11471 | Bailey   | HP: 3/95 [orc warrior/+0 halberd (14)]
 11677 | Bailey   | Killed an orc knight
 11677 | Bailey   | Identified the +0 hat of Tender Moments {Drain rPois Str+5}
                  | (Okawaru gifted it to you in a bailey)
 11677 | Bailey   | Received a gift from Okawaru
 11678 | Bailey   | Reached skill level 13 in Ranged Weapons
 11712 | Bailey   | Identified the +1 shadow dragon scales of Aqiokao {Rampage
                  | Str+2 Slay-3 Stlth++++}
 11746 | Bailey   | Killed an orc knight
 11757 | Bailey   | Got the Disquisition on the Dislocated Volcanoes
 12163 | D:10     | Found a basalt altar of Yredelemnul.
 12229 | D:11     | Found Patiholo's Assorted Antiques.
 12322 | D:11     | Noticed Urug
 12351 | D:11     | Killed Urug
 12352 | D:11     | Noticed a two-headed ogre
 12516 | D:11     | Killed a two-headed ogre
 12612 | D:11     | Found Uqybbur's Distillery.
 12627 | D:11     | Found Widomuzy's Jewellery Shop.
 12671 | D:11     | Found a staircase to the Orcish Mines.
 12746 | D:11     | Found a staircase to the Lair.
 12753 | D:11     | Learned a level 5 spell: Borgnjor's Vile Clutch
 12958 | D:12     | Found Haunaoph's Assorted Antiques.
 12966 | D:12     | Found a broken altar of Ashenzari.
 12989 | D:12     | Noticed a green ugly thing
 12996 | D:12     | Killed a green ugly thing
 12997 | D:12     | Reached skill level 10 in Armour
 13020 | D:12     | Found Nofrekluch's Antique Weapon Boutique.
 13028 | D:12     | Bought a crystal shortbow for 272 gold pieces
 13028 | D:12     | Identified the +9 shortbow of Watchfulness {vorpal, rF+
                  | Int+4 Dex+2} (You bought it in a shop on level 12 of the
                  | Dungeon)
 13030 | D:12     | Bought an encrusted shortbow for 272 gold pieces
 13030 | D:12     | Identified the +7 shortbow of Upheaval {flame, rPois rN+}
                  | (You bought it in a shop on level 12 of the Dungeon)
 13050 | D:12     | Found Suodohir's Magic Scroll Shop.
 13151 | D:12     | Noticed a two-headed ogre
 13155 | D:12     | Killed a two-headed ogre
 13156 | D:12     | Reached skill level 14 in Ranged Weapons
 13161 | D:12     | Noticed Gastronok
 13181 | D:12     | Killed Gastronok
 13250 | D:12     | Noticed a two-headed ogre
 13256 | D:12     | Killed a two-headed ogre
 13257 | D:12     | Reached XP level 12. HP: 103/103 MP: 11/11
 13306 | D:12     | Found Luysis's Armour Boutique.
 13424 | D:13     | Noticed a centaur warrior
 13431 | D:13     | Killed a centaur warrior
 13432 | D:13     | Reached skill level 15 in Ranged Weapons
 13592 | D:13     | Reached skill level 1 in Stealth
 14035 | D:13     | Reached skill level 5 in Stealth
 14146 | D:13     | Noticed a catoblepas
 14155 | D:13     | Killed a catoblepas
 14381 | Lair:1   | Entered Level 1 of the Lair of Beasts
 14498 | Lair:1   | Identified the +8 quarterstaff of the Slimy God {speed, rC+
                  | rN+ MP+9} (Okawaru gifted it to you on level 1 of the Lair
                  | of Beasts)
 14498 | Lair:1   | Received a gift from Okawaru
 14765 | Lair:1   | Found a dark tunnel.
 16134 | Lair:2   | Found a stormy altar of Qazlal.
 16683 | Lair:3   | Reached skill level 10 in Fighting
 16805 | Lair:3   | Reached ****** piety under Okawaru
 16810 | Lair:3   | Identified the +2 buckler of the Slightly Bent {rPois Will-
                  | Regen+ Stlth+} (Okawaru gifted it to you on level 3 of the
                  | Lair of Beasts)
 16810 | Lair:3   | Received a gift from Okawaru
 16811 | Lair:3   | Reached skill level 1 in Earth Magic
 16837 | Lair:3   | Reached skill level 1 in Necromancy
 16863 | Lair:3   | Found a shadowy altar of Dithmenos.
 16868 | Lair:3   | Reached skill level 1 in Spellcasting
 16913 | Lair:3   | Reached XP level 13. HP: 113/113 MP: 13/13
 16970 | Lair:3   | Found a staircase to the Shoals.
 17851 | Lair:4   | Found a staircase to the Snake Pit.
 17948 | Lair:4   | Found a frozen archway.
 17982 | IceCv    | Entered an ice cave
 18092 | IceCv    | Received a gift from Okawaru
 18315 | IceCv    | Found an ancient bone altar of Kikubaaqudgha.
 18603 | IceCv    | Reached skill level 10 in Dodging
 19265 | Lair:4   | Received a gift from Okawaru
 19435 | Lair:4   | Reached XP level 14. HP: 121/121 MP: 17/17
 19609 | Lair:4   | Found the +4 moon troll leather armour {Spirit, Regen++
                  | MP+5}
 20051 | Lair:5   | Found a staircase to the Slime Pits.
 20051 | Lair:5   | Found a viscous altar of Jiyva.
 20096 | Lair:5   | Noticed Kaive's ghost (journeyman MiFi)
 20177 | Lair:5   | Reached skill level 16 in Ranged Weapons
 20413 | Lair:5   | You are sucked into a shaft and drop 1 floor!
 20413 | Lair:6   | Entered Level 6 of the Lair of Beasts
 20508 | Lair:6   | Reached skill level 17 in Ranged Weapons
 21372 | Lair:6   | Reached skill level 18 in Ranged Weapons
 21639 | Lair:6   | Identified the +8 lajatang of Shrieking Terror {spect,
                  | rF+++ rCorr Str+2 Int-4} (Okawaru gifted it to you on level
                  | 6 of the Lair of Beasts)
 21639 | Lair:6   | Received a gift from Okawaru
 22148 | Lair:6   | Reached skill level 19 in Ranged Weapons
 22381 | Lair:6   | Reached XP level 15. HP: 126/126 MP: 0/18
 22550 | Lair:6   | Identified the +9 plate armour of the Equinox {Str+6}
                  | (Okawaru gifted it to you on level 6 of the Lair of Beasts)
 22550 | Lair:6   | Received a gift from Okawaru
 23159 | Lair:6   | Identified the +5 scimitar of Tidy {venom, Fragile rElec
                  | Str+6}
 23595 | Orc:1    | Entered Level 1 of the Orcish Mines
 23595 | Orc:1    | Noticed Josephine
 23602 | Orc:1    | Killed Josephine
 23847 | Orc:1    | Found Ushrog's Distillery.
 23906 | Orc:2    | Entered Level 2 of the Orcish Mines
 24138 | Orc:2    | Found Fogralish's Distillery.
 24249 | Orc:2    | Found a staircase to the Elven Halls.
 24415 | Orc:1    | Found a transporter.
 24572 | Orc:1    | Found a transporter.
 24572 | Orc:1    | Found a runed translucent door.
 24572 | Orc:1    | Found a bloodstained altar of Trog.
 24572 | Orc:1    | Found the +8 Wrath of Trog {antimagic, *Rage Rampage}
 24707 | Orc:1    | Identified the +0 plate armour "Ulax" {rC+}
 25039 | Orc:1    | Received a gift from Okawaru
 25040 | Orc:1    | Reached skill level 15 in Staves
 25047 | Orc:1    | Received a gift from Okawaru
 25445 | Orc:2    | Found Poseim's Distillery.
 25445 | Orc:2    | Found Wiw Ris's General Store.
 25447 | Orc:2    | Found Cexech's General Store.
 25453 | Orc:2    | Found Geckiur's Book Shop.
 25457 | Orc:2    | Bought a scroll of teleportation for 39 gold pieces
 26050 | Lair:5   | Found a runed translucent door.
 26391 | D:14     | Gained mutation: Your body sometimes deteriorates upon
                  | taking damage. [a shining eye]
 26392 | D:14     | Received a gift from Okawaru
 26396 | D:14     | Noticed Snorg
 26406 | D:14     | Killed Snorg
 26467 | D:14     | Found Tekue's Jewellery Boutique.
 26475 | D:14     | Bought the ring of Yraaxtim {rC+ Dex+4} for 525 gold pieces
 26475 | D:14     | Bought the ring "Gapatin" {rC- Will+ rCorr Str+5 SInv} for
                  | 523 gold pieces
 26546 | D:14     | Noticed Azrael
 26576 | D:14     | Reached skill level 20 in Ranged Weapons
 26743 | D:14     | Killed Azrael
 26975 | D:14     | Found a stormy altar of Qazlal.
 27075 | D:14     | Found a gate to the Vaults.
 27102 | D:14     | Reached XP level 16. HP: 106/137 MP: 0/19
 27138 | D:14     | Identified the +10 longbow of the Shimmering Enemy {venom,
                  | rF- rC+ Dex+2} (Okawaru gifted it to you on level 14 of the
                  | Dungeon)
 27138 | D:14     | Received a gift from Okawaru
 27139 | D:14     | Reached skill level 1 in Evocations
 27731 | Elf:1    | Entered Level 1 of the Elven Halls
 27733 | Elf:1    | Paralysed by an air elemental for 1 turns
 27897 | Snake:1  | Entered Level 1 of the Snake Pit
 28175 | Snake:1  | Found Nunugh's Jewellery Emporium.
 28177 | Snake:1  | Found Nioxetom's Book Boutique.
 28178 | Snake:1  | Found Mav Osmidghi's Jewellery Emporium.
 28233 | Snake:1  | Learned a level 3 spell: Portal Projectile
 28567 | Snake:1  | Identified the +0 robe of Bad Feelings {-Cast Contam rElec
                  | rC+++} (Okawaru gifted it to you on level 1 of the Snake
                  | Pit)
 28567 | Snake:1  | Received a gift from Okawaru
 28865 | Snake:2  | Reached skill level 21 in Ranged Weapons
 29197 | Snake:2  | Noticed Mlioglotl
 29202 | Snake:2  | Noticed Agnes
 29204 | Snake:2  | Noticed a tentacled starspawn
 29211 | Snake:2  | Killed Mlioglotl
 29230 | Snake:2  | Killed Agnes
 30945 | Snake:3  | Identified the +8 arbalest of Income {elec, Fly Will+}
                  | (Okawaru gifted it to you on level 3 of the Snake Pit)
 30945 | Snake:3  | Received a gift from Okawaru
 31942 | Snake:4  | Entered Level 4 of the Snake Pit
 31942 | Snake:4  | Found Koaffeg's Book Shop.
 32015 | Snake:4  | Reached XP level 17. HP: 144/144 MP: 20/20
 32040 | Snake:4  | Noticed Vashnia
 32217 | Snake:4  | Identified the +0 scale mail of Iceo {Str+3 Stlth+}
                  | (Okawaru gifted it to you on level 4 of the Snake Pit)
 32217 | Snake:4  | Received a gift from Okawaru
 32452 | Snake:4  | Killed Vashnia
 32663 | Snake:4  | Noticed Bai Suzhen
 32697 | Snake:4  | Killed Bai Suzhen
 33807 | Snake:4  | Received a gift from Okawaru
 33984 | Snake:4  | Got a serpentine rune of Zot
 34311 | Snake:4  | Reached skill level 15 in Armour
 34355 | Snake:4  | Reached skill level 15 in Dodging
 34810 | Vaults:1 | Entered Level 1 of the Vaults
 35347 | Vaults:1 | Identified the +10 quarterstaff of the Flying Sybil {drain,
                  | SInv} (Okawaru gifted it to you on level 1 of the Vaults)
 35347 | Vaults:1 | Received a gift from Okawaru
 35423 | Vaults:1 | Reached skill level 22 in Ranged Weapons
 35438 | Vaults:1 | Reached XP level 18. HP: 142/151 MP: 0/21
 36166 | Vaults:1 | Received a gift from Okawaru
 36475 | Vaults:1 | Reached skill level 23 in Ranged Weapons
 38037 | Vaults:2 | Received a gift from Okawaru
 38532 | Abyss:3  | Found a corrupted altar of Lugonu.
 38532 | Abyss:3  | Cast into level 3 of the Abyss (a wizard)
 38620 | Abyss:3  | Gained mutation: Your spells are a little harder to cast,
                  | but a little more powerful. [a neqoxec]
 39053 | Abyss:3  | Identified the +1 hat of the Jackalope {MP+9 Dex-2 SInv
                  | Stlth+} (Okawaru gifted it to you on level 3 of the Abyss)
 39053 | Abyss:3  | Received a gift from Okawaru
 39074 | Vaults:2 | Escaped the Abyss
 39239 | Vaults:2 | Reached XP level 19. HP: 143/158 MP: 20/22
 39552 | Vaults:2 | HP: 3/156 [ironbound preserver/+0 great mace (51)]
 39558 | Vaults:2 | Killed from afar by a tengu reaver

Illustrated notes

Levels and vault maps discovered:
D:1:      dpeg_arrival_court, layout_basic,
          shapermc_ecumenical_altar_hornbeckon, minmay_cupped
D:2:      minmay_thinvault, layout_basic, uniq_robin
D:3:      layout_rooms, old_standard_altar, kiku_gazebo_pond_becter,
          uniq_grinder, uniq_crazy_yiuf_cottage
D:4:      layout_rooms, amcnicky_altar_gilded, marbit_many_paths,
          enter_ossuary_1, kennysheep_generic_room_14, uniq_sigmund, uniq_ijyb
D:5:      layout_layer_cave, nicolae_overflow_crystal_walls,
          minmay_temple_entry_offerings, nicolae_specific_store,
          serial_bayou_ford_a, chequers_mini_garden, uniq_menkaure
D:6:      layout_basic, mainiacjoe_overflow_alcove_4, nicolae_figureground_pulse
D:7:      minmay_the_grid_triangle_9x9_rhombus_full
          [minmay_the_grid_triangle_9x9_impossible_snake,
          minmay_the_grid_triangle_9x9_wacky_v,
          minmay_the_grid_triangle_9x9_from_above,
          minmay_the_grid_triangle_9x9_sparse_checkered,
          minmay_the_grid_triangle_9x9_tough_junction,
          minmay_the_grid_triangle_9x9_negative_grid,
          minmay_the_grid_triangle_9x9_swiss_cheese,
          minmay_the_grid_triangle_9x9_prize_center], layout_loops_cross,
          mainiacjoe_overflow_boulevard, minmay_fractal_squares_gapless_5
D:8:      layout_basic, nzn_wu_jian_contemplation, old_standard_altar
D:9:      layout_layer_cave, mainiacjoe_overflow_catwalk, chequers_arboretum,
          grunt_ministairs_11, uniq_maurice
D:10:     layout_irregular_city, lemuel_zombie_altar_yredelemnul,
          enter_bailey_5, serial_shops, shop
D:11:     layout_roguey, lair_entry_dummy, david_orc_2, serial_shops,
          nicolae_shop_hallway_stairs, shop, nicolae_square_shop,
          nrook_guardian_serpent_ordinary, uniq_urug
D:12:     layout_cave_pools, serial_shops, nicolae_shop_trees,
          kennysheep_mini_moat, shop, nicolae_diamond_shop,
          nicolae_ashenzari_panopticon, uniq_gastronok
D:13:     layout_irregular_city
D:14:     layout_gridville, lightli_vaults_fourway_checkpoint, serial_shops,
          shop, nicolae_qazlal_style_of_elements, kennysheep_another_room,
          uniq_azrael, uniq_snorg
Temple:   hellmonk_temple_of_storms
Lair:1:   layout_small_grid, nicolae_volcano_entry_vermiform
Lair:2:   layout_regular_city, lemuel_altar_in_water2, grunt_megastairs_1
Lair:3:   layout_regular_city, elwin_shoals_entry_stream, basic_altar
Lair:4:   dreamdust_cave_troll, layout_small_grid,
          minmay_snake_entry_six_corridors, portal_ice_cave_entry_imps
Lair:5:   layout_cave_shapes, slime_entry_1, hellmonk_ghost_happy_afterlife,
          serial_bayou_pond_b, minivault_24
Lair:6:   hangedman_lair_tendril_chambers, layout_big_grid,
          hangedman_lair_caniforms_friends
Snake:1:  layout_onion_interference, minmay_shop_grove
Snake:2:  layout_grid_maze, uniq_mlioglotl, uniq_agnes
Snake:3:  layout_layer_cave, serial_bayou_shore_a, nicolae_integral_box
Snake:4:  grunt_snake_rune_spirals, layout_onion, serial_shops,
          nicolae_shop_temple_entry_statues_fountains, uniq_vashnia,
          uniq_bai_suzhen
Orc:1:    emtedronai_trogs_sanctum, layout_diamond_mine, serial_shops,
          nicolae_shop_behind_doors, uniq_josephine
Orc:2:    st_orc_rangers, layout_diamond_mine, serial_shops, shop, special_room
Elf:1:    elf_arrival_002, layout_rooms, serial_shops,
          nicolae_shop_temple_entry_statues_fountains, nicolae_shop_trees,
          nicolae_diamond_shop, shop, nicolae_shop_advertising_works
          [nicolae_subvault_shop_adworks], basic_altar, hangedman_elf_represent
Vaults:1: hangedman_vaults_maws, v_misc_4, v_rooms_3, hangedman_vaults_cutoff,
          nicolae_vaults_mini_display_case, nicolae_vaults_little_squares_3,
          layout_vaults_omnigrid
Vaults:2: nicolae_vaults_windows_and_doors_thing, nicolae_vaults_triangles,
          hangedman_vaults_variations, hangedman_vaults_cutoff,
          hangedman_vaults_locks, hangedman_vaults_nails,
          vaults_room_stairs_pillars, ontoclasm_vaults_gateway,
          dpeg_vaults_pockets_of_resistance, nicolae_vaults_little_ls,
          vaults_room_door_ring, ontoclasm_vaults_shuriken, v_misc_19,
          vaults_room_pools, layout_vaults_big_cross, serial_shops, shop

Skill      XL: |  1  2  3  4  5  6  7  8  9 10 11 12 13 14 15 16 17 18 19 |
---------------+----------------------------------------------------------+-----
Ranged Weapons | 5 6 7 8 9 12 14 15 19 20 21 22 23 | 23.0
Dodging        | 6 9 11 12 15 | 15.0
Fighting       | 6 8 10 11 | 11.5
Staves         | 5 10 11 15 19 20 | 20.0
Armour         | 5 10 13 15 | 15.0
Stealth        | 5 |  5.3
Earth Magic    | 1 4 |  4.0
Necromancy     | 1 4 |  4.3
Spellcasting   | 1 3 |  3.1
Evocations     | 2 |  2.5

Action                   |  1- 3 |  4- 6 |  7- 9 | 10-12 | 13-15 | 16-18 | 19-21 || total
-------------------------+-------+-------+-------+-------+-------+-------+-------++-------
Melee: Dagger            |       |     4 |     4 |       |       |       |       ||     8
       Headbutt          |       |     1 |    15 |    53 |   256 |   245 |    22 ||   592
       Halberd           |       |       |    24 |       |       |       |       ||    24
       Quarterstaff      |       |       |    85 |   237 |   735 |   760 |    67 ||  1884
       Lajatang          |       |       |       |       |   189 |    25 |       ||   214
       Shortbow          |       |       |       |       |       |     1 |       ||     1
 Fire: Shortbow          |    98 |   219 |   224 |   284 |   689 |   964 |    23 ||  2501
       Longbow           |       |       |       |   137 |       |    13 |       ||   150
       Arbalest          |       |       |       |       |       |   142 |       ||   142
Invok: Heroism           |       |       |       |    10 |    18 |    20 |     1 ||    49
       Finesse           |       |       |       |       |     4 |     4 |     1 ||     9
Evoke: Wand              |       |       |     1 |     2 |       |       |       ||     3
       Condenser vane    |       |       |       |     1 |       |     1 |     1 ||     3
  Use: Potion            |     3 |       |     1 |     1 |       |     2 |       ||     7
       Scroll            |       |       |     7 |     4 |     4 |     3 |       ||    18
 Stab: Distracted        |       |       |     2 |     4 |    12 |     2 |       ||    20
       Sleeping          |       |       |       |     4 |     9 |     1 |       ||    14
       Confused          |       |       |       |       |       |       |     1 ||     1
Armor: Leather armour    |    12 |       |    32 |    19 |       |       |       ||    63
       Animal skin       |       |    22 |    16 |       |       |       |       ||    38
       Shadow dragon sca |       |       |       |    77 |   139 |       |       ||   216
       Troll leather arm |       |       |       |       |   186 |   214 |    13 ||   413
Dodge: Dodged            |    39 |    57 |   132 |   222 |   958 |   887 |    36 ||  2331

Table legend: (Time is in decaauts)
 A = Elapsed time spent in this place.
 B = Non-inter-level travel time spent in this place.
 C = Inter-level travel time spent in this place.
 D = Time resting spent in this place.
 E = Time spent auto-exploring this place.
 F = Levels seen in this place.
 G = Mean time per level.
                   A        B        C        D        E       F      G
               +--------+--------+--------+--------+--------+-----+--------+
         Total |  38159 |  35729 |   2430 |    595 |  28004 |  34 | 1122.3 |
       Dungeon |  15196 |  14102 |   1094 |    330 |  11339 |  14 | 1085.4 |
        Temple |     40 |     33 |      7 |      0 |     24 |   1 |   40.0 |
          Lair |   8064 |   7335 |    729 |      0 |   6041 |   6 | 1344.0 |
     Snake Pit |   6407 |   6171 |    236 |    129 |   4950 |   4 | 1601.8 |
  Orcish Mines |   2341 |   2012 |    329 |      0 |   1389 |   2 | 1170.5 |
   Elven Halls |      4 |      4 |      0 |      0 |      0 |   1 |    4.0 |
        Vaults |   3668 |   3637 |     31 |    131 |   2917 |   2 | 1834.0 |
         Abyss |    443 |    443 |      0 |      0 |     86 |   1 |  443.0 |
       Ossuary |    550 |    550 |      0 |      0 |    452 |   1 |  550.0 |
        Bailey |    466 |    466 |      0 |      0 |    216 |   1 |  466.0 |
      Ice Cave |    977 |    977 |      0 |      5 |    589 |   1 |  977.0 |
               +--------+--------+--------+--------+--------+-----+--------+

Top non-repeatable levels by time:
  Lair:6: 2804 daAuts
 Snake:4: 2394 daAuts
Vaults:1: 2243 daAuts
     D:5: 1977 daAuts
 Snake:2: 1678 daAuts
     D:3: 1588 daAuts
 Snake:3: 1552 daAuts
  Lair:1: 1510 daAuts
    D:14: 1433 daAuts
Vaults:2: 1424 daAuts
     D:1: 1392 daAuts
     D:2: 1365 daAuts
   Orc:1: 1360 daAuts
  Lair:3: 1274 daAuts
  Lair:4: 1122 daAuts
